 Dungeon Crawl Stone Soup version 0.31-a0-664-g902f515a81 (webtiles) character file.

Game seed: 15566435299476819617

585 arthad the Trooper (level 7, 0/38 HPs)
             Began as a Vine Stalker Fighter on Sept 2, 2023.
             Slain by a water moccasin (2 damage)
             ... on level 5 of the Dungeon.
             The game lasted 00:03:44 (3415 turns).

arthad the Trooper (Vine Stalker Fighter)           Turns: 3415, Time: 00:03:45

Health: 0/38       AC:  8    Str: 20    XL:     7   Next: 37%
Magic:  0/8        EV:  9    Int:  8    God:
Gold:   237        SH:  5    Dex: 14    Spells: 6/6 levels left

rFire   . . .        n - +1 hand axe (elec)
rCold   . . .        c - +0 buckler
rNeg    . . .        b - +0 scale mail
rPois   .            (no helmet)
rElec   .            (no cloak)
rCorr   .            (no gloves)
SInv    .            m - +0 pair of boots
Will    .....        (no amulet) Stlth
                     (no ring)
HPRegen 1.06/turn    (no ring)
MPRegen 0.11/turn

%: guardian spirit
@: lethally poisoned (0 -> -10)
A: fangs 2, regeneration 1, magic shield, antimagic bite, no potion heal 2
a: no special abilities


You were on level 5 of the Dungeon.
You visited 1 branch of the dungeon, and saw 5 of its levels.

You collected 237 gold pieces.

Inventory:

Hand Weapons
 a - a +0 war axe
 n - a +1 hand axe of electrocution (weapon)
 o - a +1 demon blade of flaming
Armour
 b - a +0 scale mail (worn)
 c - a +0 buckler (worn)
 m - a +0 pair of boots (worn)
Scrolls
 d - 3 scrolls of amnesia {unknown}
 g - a scroll of enchant weapon {unknown}
 i - 2 scrolls of summoning {unknown}
 l - a scroll of immolation {unknown}
 p - a scroll of fog {unknown}
 q - 4 scrolls of teleportation {unknown}
 s - a scroll of brand weapon {unknown}
 t - a scroll of vulnerability {unknown}
Potions
 e - a potion of attraction
 f - a potion of brilliance
 h - a potion of curing
 j - a potion of heal wounds {unknown}
 k - a potion of magic {unknown}
 r - a potion of haste {unknown}
 u - a potion of cancellation {unknown}
 v - a potion of enlightenment {unknown}


   Skills:
 + Level 4.3 Fighting
 + Level 3.8 Axes
 + Level 4.0 Armour
 + Level 4.3 Shields


You had 6 spell levels left.
You didn't know any spells.
Your spell library contained the following spells:

 Spells                   Type           Power      Damage    Failure   Level
 Blink                    Tloc           0%         N/A       92%         2
 Ensorcelled Hibernation  Hex/Ice        0%         N/A       92%         2
 Passwall                 Tmut/Erth      0%         N/A       92%         2
 Sublimation of Blood     Necr           0%         N/A       92%         2
 Wereblood                Tmut           0%         N/A       92%         2
 Swiftness                Air            0%         N/A       99%         3
 Manifold Assault         Tloc           0%         N/A       100%        4
 Petrify                  Tmut/Erth      0%         N/A       100%        4
 Irradiate                Conj/Tmut      0%         3d11      100%        5


Dungeon Overview and Level Annotations

Branches:
Dungeon (5/15)
 Temple: D:4-7

Altars:


Innate Abilities, Weirdness & Mutations

You have extremely sharp teeth.
Your natural rate of healing is unusually fast.
When hurt, damage is shared between your health and your magic reserves.
Your bite disrupts and absorbs the magic of your enemies.
Potions cannot restore your health.


Message History

You feel very sick. You block the water moccasin's attack.
You hit the water moccasin. Your bite misses the water moccasin.
The water moccasin is moderately wounded.
You feel very sick. The water moccasin bites you.
You block the water moccasin's attack.
You completely miss the water moccasin.
The water moccasin is lightly wounded.
You feel sick. The water moccasin bites you.
You are more poisoned.
The water moccasin poisons you!
The water moccasin bites you but does no damage.
You hit the water moccasin. You bite the water moccasin. You drain its power.
You feel invigorated.
The water moccasin is moderately wounded.
You feel very sick. The water moccasin bites you.
You are lethally poisoned!
The water moccasin poisons you!
You are too injured to fight recklessly!
You are too injured to fight recklessly!
You are too injured to fight recklessly!
You are too injured to fight recklessly!
You are too injured to fight recklessly!
You are too injured to fight recklessly!
You are too injured to fight recklessly!
You are too injured to fight recklessly!
You are too injured to fight recklessly!
You hit the water moccasin.
The water moccasin is heavily wounded.
* * * LOW HITPOINT WARNING * * *
You feel extremely sick.
The water moccasin bites you but does no damage.
The water moccasin closely misses you.
You slash the water moccasin!
The water moccasin is severely wounded.
* * * LOW HITPOINT WARNING * * *
You feel extremely sick. The water moccasin barely misses you.
The water moccasin bites you!
You die...

#.....<...#
...###.#.###
#.#.#
.######...#
.........####
######.....#
#.###..# ##.#
.... #@.# #..
#.S).# .
#..##.# ...#
#.# ..... #.#
.... #.. ...
... ... ...


You could see a water moccasin.

Vanquished Creatures
  Sigmund (D:2)
  An ogre (D:4)
  A hound (D:4)
  2 orc wizards (D:5)
  A sleepcap (D:4)
  Natasha (thrice) (D:3)
  An iguana (D:4)
  3 adders (D:2)
  A white imp (D:3)
  2 worms
  A dart slug (D:1)
  3 orcs
  9 ball pythons
  5 endoplasms
  3 giant cockroaches
  8 hobgoblins
  12 jackals
  3 quokkas
  7 bats
  4 frilled lizards
  8 goblins
  3 kobolds
  4 rats
86 creatures vanquished.

Notes
Turn   | Place    | Note
-------+----------+-------------------------------------------
     0 | D:1      | arthad the Vine Stalker Fighter began the quest for the
                  | Orb.
     0 | D:1      | Reached XP level 1. HP: 11/11 MP: 2/2
    16 | D:1      | Found a faded altar of an unknown god.
   209 | D:1      | Reached XP level 2. HP: 16/16 MP: 3/3
   776 | D:2      | Reached XP level 3. HP: 17/20 MP: 4/4
   945 | D:2      | You fall into a shaft and drop 1 floor!
  1059 | D:2      | Noticed Sigmund
  1067 | D:2      | Killed Sigmund
  1068 | D:2      | Reached XP level 4. HP: 24/25 MP: 5/5
  1068 | D:2      | Reached XP level 5. HP: 28/29 MP: 6/6
  1439 | D:2      | Reached XP level 6. HP: 33/33 MP: 5/7
  2292 | D:3      | Noticed Natasha
  2298 | D:3      | Killed Natasha
  2378 | D:3      | Noticed Natasha
  2381 | D:3      | Killed Natasha
  2588 | D:3      | Noticed Natasha
  2594 | D:3      | Killed Natasha
  2822 | D:4      | Reached XP level 7. HP: 28/37 MP: 6/8
  3391 | D:5      | Entered Level 5 of the Dungeon
  3415 | D:5      | Slain by a water moccasin

Illustrated notes

Levels and vault maps discovered:
D:1:      dpeg_arrival_tiny_b, layout_loops_cross,
          shapermc_ecumenical_altar_mp_highgroup
D:2:      layout_basic, minmay_hexomino_u4, uniq_sigmund
D:3:      layout_loops_corners, uniq_natasha
D:4:      layout_basic
D:5:      layout_rooms, lemuel_crystal_altar, temple_fountains,
          minmay_misc_feat_enclosed

Skill      XL: |  1  2  3  4  5  6  7 |
---------------+----------------------+-----
Axes           | 2 3 |  3.8
Fighting       | 3 4 |  4.3
Shields        | 3 4 |  4.3
Armour         | 3 4 |  4.0

Action                     |  1- 3 |  4- 6 |  7- 9 || total
---------------------------+-------+-------+-------++-------
  Melee: War axe           |    33 |       |       ||    33
         Bite              |    11 |    27 |    10 ||    48
         Hand axe          |    43 |    85 |    37 ||   165
    Use: Potion            |     1 |       |       ||     1
         Scroll            |       |       |     3 ||     3
 Armour: Scale mail        |    46 |    43 |    20 ||   109
  Dodge: Dodged            |    45 |    33 |    12 ||    90
  Block: Buckler           |    18 |    15 |     5 ||    38

Table legend: (Time is in decaauts)
 A = Elapsed time spent in this place.
 B = Non-inter-level travel time spent in this place.
 C = Inter-level travel time spent in this place.
 D = Time resting spent in this place.
 E = Time spent auto-exploring this place.
 F = Levels seen in this place.
 G = Mean time per level.
                   A        B        C        D        E       F      G
               +--------+--------+--------+--------+--------+-----+--------+
         Total |   3458 |   3239 |    219 |      0 |   2712 |   5 |  691.6 |
       Dungeon |   3458 |   3239 |    219 |      0 |   2712 |   5 |  691.6 |
               +--------+--------+--------+--------+--------+-----+--------+

Top non-repeatable levels by time:
     D:2: 1185 daAuts
     D:3: 830 daAuts
     D:1: 783 daAuts
     D:4: 634 daAuts
     D:5: 25 daAuts
